 Dungeon Crawl Stone Soup version 0.30.1-11-g7821555f0a (webtiles) character file.

Game seed: 10269529870540443599

23254 lonewolfV2 the Nimble (level 13, -33/103 HPs)
             Began as a Formicid Fighter on Nov 10, 2023.
             Killed from afar by a storm dragon (37 damage)
             ... with a bolt of lightning
             ... on level 12 of the Dungeon.
             The game lasted 00:18:46 (14140 turns).

lonewolfV2 the Nimble (Formicid Fighter)           Turns: 14140, Time: 00:18:46

Health: -33/103    AC: 19    Str: 26    XL:     13   Next: 33%
Magic:  13/13      EV: 12    Int:  8    God:
Gold:   474        SH:  6    Dex: 15    Spells: 12/12 levels left

rFire   . . .        v - +5 great mace of Ucojebb {flame, rPois Dex+2 SInv}
rCold   . . .        c - +0 buckler
rNeg    . . .        r - +0 plate armour
rPois   +            (helmet unavailable)
rElec   .            e - +1 cloak of Ryryxuos {-Cast Contam Regen+ SInv}
rCorr   .            y - +0 pair of gloves
SInv    +            z - +0 pair of boots
Will    ++...        H - amulet of regeneration Stlth
                     g - ring of flight
HPRegen 1.97/turn    k - ring of willpower
MPRegen 0.13/turn

%: no spellcasting
@: flying
A: permanent stasis, dig shafts and tunnels, antennae 3, four strong arms
a: Dig, Shaft Self


You were on level 12 of the Dungeon.
You visited 1 branch of the dungeon, and saw 12 of its levels.
You also visited: Sewer.

You collected 681 gold pieces.
You spent 207 gold pieces at shops.

Inventory:

Hand Weapons
 a - a +0 war axe of freezing
 v - the +5 great mace of Ucojebb (weapon) {flame, rPois Dex+2 SInv}
   (You bought it in a shop on level 3 of the Dungeon)

   Dex:       It affects your dexterity (+2).
   rPois:     It protects you from poison.
   SInv:      It lets you see invisible.
 A - the +6 whip of Resourcefulness {heavy, Dex+4 Stlth-}
   (You found it on level 7 of the Dungeon)

   Dex:       It affects your dexterity (+4).
   Stlth:     It makes you less stealthy.
Missiles
 G - a throwing net
Armour
 c - a +0 buckler (worn)
 e - the +1 cloak of Ryryxuos (worn) {-Cast Contam Regen+ SInv}
   (You found it on level 8 of the Dungeon)

   SInv:      It lets you see invisible.
   -Cast:     It prevents spellcasting.
   Contam:    It causes magical contamination when unequipped.
   Regen:     It increases your rate of health regeneration.
 r - a +0 plate armour (worn)
 s - the scarf of the Devil's Advocate {shadows, Dex+2}
   (You found it in a sewer)

   Dex:       It affects your dexterity (+2).
 y - a +0 pair of gloves (worn)
 z - a +0 pair of boots (worn)
Jewellery
 f - a ring of willpower
 g - a ring of flight (left hand)
 j - an amulet of the acrobat
 k - a ring of willpower (right hand)
 m - a ring of wizardry
 n - a ring of ice
 E - a ring of willpower
 H - an amulet of regeneration (around neck)
Wands
 p - a wand of quicksilver (21)
 q - a wand of flame (23)
 B - a wand of paralysis (7)
Scrolls
 b - 5 scrolls of identify
 o - 5 scrolls of magic mapping
 t - a scroll of enchant armour
Potions
 d - 2 potions of might
 h - 3 potions of attraction
 i - 7 potions of flight
 l - 5 potions of curing
 u - a potion of invisibility
 w - 2 potions of magic
 x - a potion of lignification
 C - 3 potions of mutation
 D - 2 potions of haste
 F - 2 potions of brilliance


   Skills:
 - Level 10.0 Fighting
 - Level 2.0(7.3) Axes
 - Level 11.0(11.1) Maces & Flails
 - Level 8.7 Armour
 * Level 12.9 Dodging
 - Level 7.7 Shields


You had 12 spell levels left.
You didn't know any spells.
Your spell library contained the following spells:

 Spells                   Type           Power      Damage    Failure   Level
 Sandblast                Erth           0%         2d4       99%         1
 Cigotuvi's Dreadful Rot  Necr/Pois/Air  0%         N/A       100%        2
 Lesser Beckoning         Tloc           0%         N/A       100%        2
 Momentum Strike          Conj/Tloc      0%         3d8       100%        2
 Passwall                 Tmut/Erth      0%         N/A       100%        2
 Dazzling Flash           Conj/Hex       0%         N/A       100%        3
 Ignite Poison            Fire/Tmut/Pois 0%         N/A       100%        3
 Inner Flame              Hex/Fire       0%         N/A       100%        3
 Ozocubu's Armour         Ice            0%         N/A       100%        3
 Stone Arrow              Conj/Erth      0%         3d7       100%        3
 Dispel Undead            Necr           0%         3d6       100%        4
 Flame Wave               Conj/Fire      0%         2d4       100%        4
 Sticky Flame             Conj/Fire      0%         2d3       100%        4
 Agony                    Necr           0%         N/A       100%        5
 Freezing Cloud           Conj/Ice/Air   0%         6-21      100%        5
 Silence                  Hex/Air        0%         N/A       100%        5
 Yara's Violent Unravell  Hex/Tmut       0%         3d3       100%        5
 Death Channel            Necr           0%         N/A       100%        6
 Enfeeble                 Hex            0%         N/A       100%        7
 Malign Gateway           Summ/Tloc      0%         N/A       100%        7
 Ozocubu's Refrigeration  Ice            0%         4d7       100%        7
 Summon Horrible Things   Summ           0%         N/A       100%        8
 Blink                    Tloc           Unusable   N/A       N/A         2

Dungeon Overview and Level Annotations

Branches:
Dungeon (12/15)            Temple (0/1) D:5            Lair (0/5) D:8
    Orc (0/2) D:10          Sewer (visited)

Altars:
Ashenzari
Dithmenos
Elyvilon
Makhleb
Nemelex Xobeh
Trog

Shops:
D:3 *(:(   D:11 :

Portals:
Bailey: D:10


Innate Abilities, Weirdness & Mutations

You cannot be hasted, slowed, berserked, paralysed or teleported.
You can dig through walls and to a lower floor.
You have a pair of large antennae on your head. (SInv)
Your four strong arms can wield two-handed weapons with a shield.


Message History

You bludgeon the cyclops!! You burn the cyclops.
You kill the cyclops!
Things that are here:
2 large rocks; a catoblepas corpse
Things that are here:
a +0 long sword; 3 large rocks You start resting.
HP restored.
You start waiting.
Done waiting.
You start waiting.
Done waiting.
Things that are here:
2 large rocks; a catoblepas skeleton
Things that are here:
a +0 shortbow; a centaur skeleton
There is an open door, spattered with blood here.
You reach down and open the door.
Found four items.
A storm dragon and a yaktaur captain come into view.
The yaktaur captain shouts!
There is an open door here.
The storm dragon bites you!
The storm dragon claws you but does no damage.
The storm dragon tramples you.
You hold your ground!
The storm dragon breathes lightning at you.
The bolt of lightning hits you!!! The bolt of lightning hits you!!
* * * LOW HITPOINT WARNING * * *
The bolt of lightning hits the storm dragon.
The storm dragon completely resists.
You feel better. The yaktaur captain hits you!
* * * LOW HITPOINT WARNING * * *
The storm dragon completely misses you. You block the storm dragon's attack.
The storm dragon barely misses you.
You feel better.
The storm dragon breathes lightning at you.
The bolt of lightning hits you!!
* * * LOW HITPOINT WARNING * * *
The bolt of lightning hits you!!!
You die...

######## #...'@.#
#...#Dc# #....#
#...#..":#....#
#...#..:}#....#
#...######....# ##
#........#....# #.
#........#..[.# #.
#........#....#######.
########'#..........#.


You could see a storm dragon (catching breath) and a yaktaur captain.

Vanquished Creatures
  A centaur warrior (D:12)
  A catoblepas (D:12)
  A two-headed ogre (D:9)
  2 boulder beetles (D:12)
  5 skeletal warriors
  Pikel (D:5)
  2 deep elf pyromancers (D:12)
  A manticore (D:11)
  2 cyclopes (D:12)
  4 slime creatures (D:12)
  Psyche (D:8)
  Maggie (D:6)
  A kobold demonologist (D:10)
  A tengu conjurer (D:12)
  A troll (D:11)
  3 hornets
  Prince Ribbit (D:5)
  Sigmund (D:4)
  5 wyverns
  2 wraiths (D:11)
  29 yaks
  Eustachio (D:6)
  2 steam dragons
  4 vampire mosquitoes (D:11)
  Edmund (D:6)
  3 water moccasins (D:8)
  Duvessa (D:4)
  4 orc warriors
  2 ice beasts (D:8)
  A sky beast (D:6)
  3 black bears (D:8)
  5 ogres
  7 centaurs
  2 phantoms
  Blork the orc (D:6)
  2 kobold brigands
  4 bullfrogs
  3 gnoll sergeants
  5 scorpions
  10 wights
  Dowan (D:4)
  10 killer bees (D:9)
  3 howler monkeys
  A crimson imp (D:5)
  14 orc priests
  Crazy Yiuf (D:4)
  4 hounds
  A jelly (D:6)
  A sleepcap (D:4)
  2 iguanas
  Terence (D:2)
  Natasha (thrice) (D:2)
  9 orc wizards
  23 gnolls
  13 adders
  10 river rats
  A shadow imp (D:6)
  An ufetubus (D:5)
  5 worms
  4 dart slugs
  35 orcs
  15 bats
  4 endoplasms
  9 giant cockroaches
  8 goblins
  8 hobgoblins
  4 jackals (Sewer)
  21 kobolds
  4 quokkas
  12 ball pythons
  5 frilled lizards
  4 rats
364 creatures vanquished.

Vanquished Creatures (others)
  An orc (D:6)
1 creature vanquished.

Grand Total: 365 creatures vanquished

Notes
Turn   | Place    | Note
-------+----------+-------------------------------------------
     0 | D:1      | lonewolfV2 the Formicid Fighter began the quest for the
                  | Orb.
     0 | D:1      | Reached XP level 1. HP: 18/18 MP: 1/1
     6 | D:1      | Noticed a rime drake
     6 | D:1      | Noticed a black bear
     7 | D:1      | Noticed a swamp worm
     7 | D:1      | Noticed a redback
    69 | D:1      | Reached XP level 2. HP: 5/25 MP: 2/2
   466 | D:1      | Reached XP level 3. HP: 31/31 MP: 3/3
  1206 | D:2      | Reached skill level 5 in Fighting
  1206 | D:2      | Reached XP level 4. HP: 39/39 MP: 4/4
  1273 | D:2      | Noticed Natasha
  1276 | D:2      | Killed Natasha
  1287 | D:2      | Noticed Terence
  1299 | D:2      | Killed Terence
  1300 | D:2      | Reached XP level 5. HP: 46/46 MP: 5/5
  1489 | D:2      | Noticed Natasha
  1496 | D:2      | Killed Natasha
  1777 | D:2      | Noticed Natasha
  1782 | D:2      | Killed Natasha
  1818 | D:2      | Reached XP level 6. HP: 19/53 MP: 6/6
  2637 | D:3      | Found Ragok's Assorted Antiques.
  2691 | D:3      | Found a glowing drain.
  2707 | Sewer    | Entered a sewer
  2750 | Sewer    | Reached XP level 7. HP: 62/62 MP: 7/7
  3118 | Sewer    | Identified the scarf of the Devil's Advocate {shadows,
                  | Dex+2}
  3442 | D:3      | Found Qasuh's Antique Weapon Shop.
  3517 | D:3      | Found Vuhoes's Book Emporium.
  3578 | D:3      | Found Ceczohas's Antique Weapon Boutique.
  3908 | D:4      | Noticed Duvessa
  3918 | D:4      | Killed Duvessa
  3938 | D:4      | Noticed Dowan
  3949 | D:4      | Reached XP level 8. HP: 43/72 MP: 8/8
  3951 | D:4      | Killed Dowan
  3952 | D:4      | Reached skill level 10 in Fighting
  4204 | D:4      | Noticed Sigmund
  4210 | D:4      | Killed Sigmund
  4370 | D:4      | Found a white marble altar of Elyvilon.
  4380 | D:4      | Reached skill level 5 in Armour
  4513 | D:3      | Bought a twisted great mace for 207 gold pieces
  4513 | D:3      | Identified the +5 great mace of Ucojebb {flame, rPois Dex+2
                  | SInv} (You bought it in a shop on level 3 of the Dungeon)
  4611 | D:4      | Found a runed translucent door.
  4612 | D:4      | Noticed Crazy Yiuf
  4800 | D:4      | Killed Crazy Yiuf
  4834 | D:5      | Entered Level 5 of the Dungeon
  5085 | D:5      | Reached XP level 9. HP: 50/78 MP: 9/9
  5397 | D:5      | Found a staircase to the Ecumenical Temple.
  5569 | D:5      | Noticed Prince Ribbit
  5579 | D:5      | Reached skill level 1 in Dodging
  5609 | D:5      | Killed Prince Ribbit
  5610 | D:5      | Reached skill level 2 in Dodging
  5908 | D:5      | Found a burning altar of Makhleb.
  5927 | D:5      | Reached skill level 3 in Dodging
  6074 | D:5      | Found a shadowy altar of Dithmenos.
  6074 | D:5      | Found a bloodstained altar of Trog.
  6176 | D:5      | Noticed Pikel
  6192 | D:5      | Killed Pikel
  6193 | D:5      | Reached skill level 5 in Dodging
  6371 | D:6      | Reached XP level 10. HP: 38/85 MP: 10/10
  6728 | D:6      | Noticed Blork the orc
  6733 | D:6      | Killed Blork the orc
  6734 | D:6      | Reached skill level 6 in Dodging
  6815 | D:6      | Reached skill level 7 in Dodging
  7040 | D:6      | Noticed Edmund
  7049 | D:6      | Killed Edmund
  7211 | D:6      | Noticed Maggie
  7221 | D:6      | Killed Maggie
  7222 | D:6      | Reached skill level 8 in Dodging
  7393 | D:6      | Noticed Eustachio
  7403 | D:6      | Killed Eustachio
  7515 | D:7      | Identified the +6 whip of Resourcefulness {heavy, Dex+4
                  | Stlth-}
  7926 | D:7      | Reached skill level 9 in Dodging
  8199 | D:7      | You are sucked into a shaft and drop 2 floors!
  8470 | D:8      | Reached XP level 11. HP: 90/90 MP: 11/11
  8475 | D:8      | Noticed Psyche
  8482 | D:8      | Reached skill level 10 in Dodging
  8488 | D:8      | Killed Psyche
  9090 | D:8      | Reached skill level 1 in Maces & Flails
  9240 | D:8      | Found a staircase to the Lair.
  9260 | D:8      | Identified the +0 leather armour of Spring {Harm Int+3
                  | Dex+3}
  9286 | D:8      | Identified the +1 cloak of Ryryxuos {-Cast Contam Regen+
                  | SInv}
  9738 | D:9      | Reached skill level 5 in Maces & Flails
 10096 | D:9      | Found a broken altar of Ashenzari.
 11297 | D:9      | Noticed a two-headed ogre
 11302 | D:9      | Killed a two-headed ogre
 11361 | D:10     | Entered Level 10 of the Dungeon
 11365 | D:10     | Reached XP level 12. HP: 97/97 MP: 12/12
 11397 | D:10     | Found a sparkling altar of Nemelex Xobeh.
 11804 | D:10     | Found a staircase to the Orcish Mines.
 11947 | D:10     | Found a flagged portal.
 12019 | D:11     | Noticed a walking earthen tome
 12019 | D:11     | Found Cevataf's Book Shoppe.
 12020 | D:11     | Noticed a walking earthen tome
 12113 | D:11     | Found a gate leading to a gauntlet.
 12153 | D:11     | Reached skill level 5 in Shields
 12434 | D:11     | Reached skill level 10 in Maces & Flails
 12676 | D:11     | Noticed a skeletal warrior
 12684 | D:11     | Noticed a skeletal warrior
 12689 | D:11     | Killed a skeletal warrior
 12695 | D:11     | Killed a skeletal warrior
 12753 | D:11     | Noticed a skeletal warrior
 12757 | D:11     | Noticed a skeletal warrior
 12763 | D:11     | Killed a skeletal warrior
 12770 | D:11     | Killed a skeletal warrior
 13551 | D:12     | Reached skill level 11 in Dodging
 13798 | D:12     | Noticed a boulder beetle
 13803 | D:12     | Reached XP level 13. HP: 103/103 MP: 13/13
 13866 | D:12     | Noticed a centaur warrior
 13866 | D:12     | Noticed a catoblepas
 13878 | D:12     | Killed a catoblepas
 13879 | D:12     | Reached skill level 12 in Dodging
 13881 | D:12     | Killed a centaur warrior
 14137 | D:12     | Noticed a storm dragon
 14137 | D:12     | Noticed a yaktaur captain
 14140 | D:12     | HP: 4/103 [storm dragon/bolt of lightning (25)]
 14140 | D:12     | Killed from afar by a storm dragon

Illustrated notes

Levels and vault maps discovered:
D:1:      onia_arrival_zoo_common, layout_basic, serial_glass, glass_columns_a,
          glass_columns_a
D:2:      layout_basic, eino_tiny_chamber, amethyst_killhole, uniq_terence,
          uniq_natasha
D:3:      kennysheep_big_flooded_room, layout_basic, gup_sewer_entry_bubbles,
          serial_shops, nicolae_shop_trees, shop, shop,
          nicolae_shop_hallway_plus, chequers_avenue
D:4:      layout_cave_pools, elyvilon_altar_5, uniq_duvessa, uniq_sigmund,
          uniq_crazy_yiuf_cottage
D:5:      layout_cave_pods, gammafunk_temple_overflow_elements,
          makhleb_grotto_becter, minmay_temple_entry_statues_pillars,
          uniq_pikel, uniq_prince_ribbit1
D:6:      layout_loops_ring, grunt_decor_resistance, uniq_maggie,
          uniq_blork_the_orc, uniq_eustachio, uniq_edmund
D:7:      layout_basic
D:8:      layout_cave_pools, due_lair_maze_entry_diamond, uniq_psyche
D:9:      layout_irregular_city, evilmike_ruin_ashenzari, st_stairs_7
D:10:     layout_roguey, nemelex_xobeh_ov_fountains_minmay, orc_0_dummy,
          enter_bailey_2
D:11:     layout_basic, gauntlet_entry_generic, serial_shops,
          nicolae_shop_mannequins
D:12:     minmay_shrinking_squares, layout_grid_maze, grunt_gozag_breadcrumbs

Skill      XL: |  1  2  3  4  5  6  7  8  9 10 11 12 13 |
---------------+----------------------------------------+-----
Fighting       | 4 5 6 8 9 10 | 10.0
Armour         | 7 8 |  8.7
Dodging        | 5 9 10 11 12 | 12.9
Maces & Flails | 8 11 | 11.0
Shields        | 7 |  7.7
Axes           | |  2.0

Action                     |  1- 3 |  4- 6 |  7- 9 | 10-12 | 13-15 || total
---------------------------+-------+-------+-------+-------+-------++-------
  Melee: War axe           |    75 |   138 |   123 |       |       ||   336
         Great mace        |       |       |   136 |   513 |    44 ||   693
  Evoke: Wand              |       |       |       |     8 |       ||     8
    Use: Scroll            |     2 |     5 |     9 |     5 |       ||    21
         Potion            |       |       |       |     2 |     2 ||     4
 Armour: Scale mail        |    56 |    59 |    65 |       |       ||   180
         Plate armour      |       |       |   108 |   392 |    21 ||   521
  Dodge: Dodged            |    62 |    74 |   229 |   614 |    34 ||  1013
  Block: Buckler           |    27 |    31 |    94 |   225 |    11 ||   388
